[Event "*** Titled Tuesday Blitz"]
[Site "Chess.com"]
[Date "2021.04.06"]
[Round "6"]
[White "Hard_Utilizator"]
[Black "Shahaliyev"]
[Result "0-1"]
[WhiteElo "2501"]
[BlackElo "2660"]
[TimeControl "180+1"]
[EndTime "11:09:46 PDT"]
[Termination "Shahaliyev won on time"]

1. e4 d6 2. Nc3 Nf6 3. f4 e5 4. Nf3 Nc6 5. d3 Bg4 6. Be2 Bxf3 7. Bxf3 Nd4 8. O-O c6 9. Be3 Nd7 10. Kh1 Be7 11. Ne2 Nxf3 12. Rxf3 O-O 13. Qe1 d5 14.
exd5 cxd5 15. fxe5 Nxe5 16. Rh3 Ng4 17. Bd4 Bf6 18.
Qg3 Bxd4 19. Nxd4 Qd7 20. Rh4 f5 21. Rf1 g6 22. h3 Nf6 23. Nxf5 Rae8 24. Nd4 Qg7 25.
Rhf4 Nh5 26. Rxf8+ Rxf8 27. Rxf8+ Qxf8 28. Qf3 Qc5 29. c3 Qd6 30. Ne2 b6 31. g4 Nf6 32.
Kg2 Kg7 33. Nf4 Qe5 34. Ne2 h5 35. Nd4 hxg4 36. hxg4 Qe1 37. Qf4 Qh4 38. Ne6+ Kf7 39. Ng5+ Kg7 40. Ne6+ Kf7 41. g5 Qg4+ 42. Qxg4 Nxg4 43. Nf4 Ne3+ 44. Kf3 Nd1 45. Nxd5 Nxb2 46. c4 Ke6 47. Ke4 Na4 48. Nf4+ Kf7 49. d4 Nc3+ 50.
Ke5 Nxa2 51. d5 Nb4 52. d6 a5 53. d7 a4 54. Ne6 Nc6+ 55. Kd6 a3 56. Kxc6 a2 57. d8=Q a1=Q 58. Qd7+ Kg8 59. Qe8+ Kh7 60. Qf7+ Kh8 61. Qxg6 Qa4+ 62. Kd5 Qd1+ 63. Nd4 b5 64. Qf6+ Kh7 65. g6+ Kh6 66. g7+ Kh5 67. Qf5+ Kh6 0-1

[Event "*** Titled Tuesday Blitz"]
[Site "Chess.com"]
[Date "2021.04.06"]
[Round "6"]
[White "ARMQUEEN"]
[Black "Mikhal867"]
[Result "0-1"]
[WhiteElo "2303"]
[BlackElo "2455"]
[TimeControl "180+1"]
[EndTime "11:09:49 PDT"]
[Termination "Mikhal867 won by resignation"]

1. e4 g6 2. d4 Bg7 3. Nc3 d6 4. f4 a6 5. Nf3 b5 6. a3 Nd7 7. Bd3 c5 8. d5 Ngf6 9. O-O O-O 10. e5 dxe5 11. fxe5 Ng4 12. e6 fxe6 13. dxe6 Nde5 14. Be4 Bxe6 15. Bxa8 Qxa8 16. Ng5 Bc4 17. Rxf8+ Qxf8 18. Qe1 Nc6 19. Nf3 Nge5 20. Nxe5 Bxe5 21. Be3 Nd4 22.
Rc1 Qf5 23. Bf2 Qh5 24. h3 Qg5 25. Ne4 Qxc1 26. Qxc1 Ne2+ 27. Kh1 Nxc1 28. Nxc5 Bxb2 29. Nxa6 Bxa3 30. Be3 Ne2 31. Bd2 Ng3+ 32. Kg1 Bd6 33. Be1 Ne4 34. g3 Nxg3 35. Kg2 Bd5+ 36. Kf2 Ne4+ 37.
Ke3 Nc5 38. Nb4 Bc4 39. Nc6 Kf7 40. Kd4 Ne6+ 41. Ke3 Ng5 42. Nd8+ Ke8 43. Nc6 Nxh3 44. Bh4 Kd7 45. Nd4 g5 46. Be1 Bc5 47. c3 e5 48. Ke4 exd4 49. cxd4 Bd6 50. Kf5 g4 51. Kxg4 Be6+ 52. Kf3 Nf4 53. Ke4 Bd5+ 54. Kf5 b4 55. Bxb4 Bxb4 56. Kxf4 Kd6 57. Kg5 Bc3 58. Kh6 Be4 59. d5 Bg6 60. Kg5 Kxd5 61. Kh6 Be5 62. Kg5 Bg7 63. Kh4 Bf6+ 64. Kg4 Ke4 65. Kg3 Bf5 66.
Kh2 Bg5 67. Kg3 Ke3 68. Kg2 Bf4 69. Kg1 Bh3 70. Kh1 Bg3 71. Kg1 Kf3 72. Kh1 Kg4 73. Kg1 Kf3 74. Kh1 Bf1 75. Kg1 Bd3 76. Kh1 Kg4 77. Kg1 Bh4 78. Kh1 Kh3 79. Kg1 Bg3 80.
Kh1 Be4+ 81. Kg1 Bf4 82. Kf1 h5 83. Kg1 h4 84. Kf1 Kg3 85. Kg1 h3 0-1

[Event "*** Titled Tuesday Blitz"]
[Site "Chess.com"]
[Date "2021.04.06"]
[Round "6"]
[White "kingofthenil"]
[Black "Chigorinetz"]
[Result "0-1"]
[WhiteElo "2621"]
[BlackElo "2523"]
[TimeControl "180+1"]
[EndTime "11:09:53 PDT"]
[Termination "Chigorinetz won by checkmate"]

1. e3 e5 2. Ke2 d5 3. Kf3 Nc6 4. Ke2 f5 5. Ke1 Nf6 6. Bb5 Bd6 7. d4 O-O 8. Ne2 Qe7 9. c4 dxc4 10. Bxc4+ Kh8 11. Nbc3 exd4 12. exd4 f4 13. f3 Bf5 14. Kf2 Nh5 15. Rf1 Rad8 16. Kg1 Qh4 17. Qe1 Qxe1 18. Rxe1 Nxd4 19. Nxd4 Bc5 20. Ne2 Bxd4+ 21. Nxd4 Rxd4 22. b3 c5 23. Ba3 b6 24. Rad1 Rfd8 25. Rxd4 cxd4 26. Kf2 Nf6 27. g4 fxg3+ 28. hxg3 d3 29.
Rd1 h5 30. Bb2 Kh7 31. Bxf6 gxf6 32. Ke3 Kg6 33. Kf4 d2 34. Ke3 Bb1 35. a4 f5 36.
Rxd2 Rxd2 37. Kxd2 f4 38. gxf4 h4 39. Ke3 a5 40.
Be6 Bc2 41. Kf2 Kf6 42. Bc4 Kf5 43. Bf7 Kxf4 44. Be6 Bd1 45. Bd5 h3 46. Be6 h2 47.
Kg2 Bxf3+ 48. Kxh2 Ke3 49. Kg3 Bd1 50. Bf7 Bc2 51.
Kg4 Kd4 52. Kf3 Kc3 53. Ke2 Bxb3 54. Be8 Kb4 55. Kd2 Bxa4 56. Bg6 Bb3 57. Kc1 a4 58.
Kb2 a3+ 59. Ka1 Kc3 60. Be8 Bc4 61. Bd7 Kb4 62. Be8 Bb5 63. Bg6 Ba4 64. Bd3 Bb3 65. Ba6 Kc5 66. Be2 Bc4 67. Bg4 b5 68. Bd7 b4 69.
Ba4 Kd4 70. Bd1 Kc3 71. Ba4 Ba6 72. Bd1 Bd3 73. Ba4 Bc2 74. Bc6 b3 75. Bd5 b2+ 76. Ka2 b1=Q+ 77. Kxa3 Qb2# 0-1

[Event "*** Titled Tuesday Blitz"]
[Site "Chess.com"]
[Date "2021.04.06"]
[Round "6"]
[White "KubaGepard"]
[Black "MaevskiyNikolay"]
[Result "0-1"]
[WhiteElo "2390"]
[BlackElo "2569"]
[TimeControl "180+1"]
[EndTime "11:09:53 PDT"]
[Termination "MaevskiyNikolay won by resignation"]

1. d4 d5 2. Nf3 Nc6 3. g3 Bf5 4. Bg2 Nb4 5. Na3 e6 6. O-O Nf6 7. c4 c6 8. Bf4 Be7 9. Qc1 O-O 10. Rd1 Rc8 11. Nh4 Bg4 12. Qe3 dxc4 13. Nf3 Nfd5 14.
Qd2 Nxf4 15. Qxf4 Bxf3 16. Bxf3 Nd5 17. Qe4 c3 18. Qc2 Bxa3 19. bxa3 Qa5 20. Qb3 b5 21. Rac1 Rfd8 22. e4 Nb6 23. Rxc3 Na4 24. Rcd3 Qb6 25.
Qc2 h6 26. Qe2 Rd7 27. Bg4 Rcd8 28. d5 cxd5 29. exd5 Rxd5 30. Rxd5 exd5 31. Qe7 Nc3 32. Re1 Ne4 33. Re2 a5 34. Bf5 Nf6 35. Rc2 g6 36.
Rc7 Rf8 37. Bxg6 Qe6 38. Qxe6 fxe6 39. Rb7 Rc8 40. Rxb5 a4 41. Rb4 Kg7 42. Bd3 Rc3 43. Be2 Rxa3 44. Rb2 Ne4 45. Kf1 Nc3 46. Bd3 Nxa2 47.
Rb7+ Kf6 48. Bc2 Nc3 49. Ke1 Ra2 50. Kd2 Ne4+ 51. Kc1 Nxf2 52. Kb1 Ra3 53. Kb2 Re3 54. Bxa4 Re2+ 55. Kb1 Nd3 56. Bb5 Rb2+ 57. Ka1 Rd2 58. Bxd3 Rxd3 59. Rb2 Re3 60. Rf2+ Ke5 61. Kb2 d4 62.
Kc2 Ke4 63. Kd2 Ra3 64. Rf4+ Kd5 65. Rh4 Ra2+ 66. Kd1 e5 67. Rxh6 d3 68. Rh8 Kd4 69.
Re8 e4 70. g4 Ke3 71. Kc1 Ra1+ 72. Kb2 Rh1 73. g5 d2 74. Rd8 d1=Q 75. Rxd1 Rxd1 76. h4 Rh1 0-1

[Event "*** Titled Tuesday Blitz"]
[Site "Chess.com"]
[Date "2021.04.06"]
[Round "6"]
[White "albi1999"]
[Black "I_Enchev"]
[Result "1/2-1/2"]
[WhiteElo "2597"]
[BlackElo "2499"]
[TimeControl "180+1"]
[EndTime "11:09:55 PDT"]
[Termination "Game drawn by stalemate"]

1. d4 Nf6 2. c4 e6 3. Nf3 Bb4+ 4. Bd2 Bxd2+ 5. Qxd2 d5 6. g3 b6 7. cxd5 Nxd5 8. Bg2 Bb7 9. O-O O-O 10. Rd1 Nd7 11. Qc2 N5f6 12. Nc3 Qe7 13. e4 c5 14. d5 exd5 15.
exd5 Rfe8 16. d6 Qf8 17. Nb5 Red8 18. Nc7 Rac8 19. Qa4 a6 20. Nh4 b5 21. Qa5 Bxg2 22.
Kxg2 Ne4 23. Nf5 Kh8 24. Qxa6 b4 25. Qc4 Ndf6 26. Nb5 g6 27. Ne7 Rb8 28. f3 Rxb5 29. fxe4 Rb7 30. e5 Nd7 31. Qd5 Rb6 32. Rf1 Kg7 33. Rf2 f6 34. exf6+ Nxf6 35. Qe5 Rbxd6 36. Raf1 Rd2 37. Qxc5 Rxf2+ 38. Rxf2 Re8 39. Re2 Qf7 40. Qxb4 Qxa2 41. Qb7 Qf7 42. b4 Ng8 43. Nf5+ gxf5 44. Qxf7+ Kxf7 45. Rxe8 Kxe8 46. Kf3 Nf6 47. Kf4 Nd5+ 48.
Kxf5 Nxb4 49. Kg5 Kf7 50. Kh6 Kg8 51. g4 Nd5 52. h4 Ne7 53. h5 Kh8 54. Kg5 Kg7 55.
Kf4 Kf6 56. g5+ Kg7 57. Ke5 Nc6+ 58. Kf5 Nd4+ 59. Ke4 Nb5 60. Ke5 Nc7 61. Kf5 Nd5 62.
Ke5 Ne7 63. Ke6 Nc6 64. Kf5 Nd4+ 65. Ke4 Ne2 66. Kf3 Nc3 67. Kf4 Kf8 68. Kf5 Nd5 69.
Ke5 Ne3 70. Kf6 Nc4 71. g6 h6 72. g7+ Kg8 73. Kg6 Ne5+ 74. Kxh6 Ng4+ 75. Kg6 Ne5+ 76. Kf6 Ng4+ 77. Kg5 Kxg7 78. Kxg4 Kh7 79. Kh4 Kh8 80. Kg5 Kh7 81. h6 Kh8 82. Kg6 Kg8 83. h7+ Kh8 84. Kh6 1/2-1/2

[Event "*** Titled Tuesday Blitz"]
[Site "Chess.com"]
[Date "2021.04.06"]
[Round "6"]
[White "EvgenyT"]
[Black "Gusarov91"]
[Result "1-0"]
[WhiteElo "2923"]
[BlackElo "2626"]
[TimeControl "180+1"]
[EndTime "11:09:59 PDT"]
[Termination "EvgenyT won by checkmate"]

1. e4 c6 2. Nf3 d5 3. d3 Bg4 4. h3 Bh5 5. Nbd2 Nd7 6. Qe2 e6 7.
g4 Bg6 8. Bg2 Bc5 9. Nb3 Bd6 10.
Bd2 Ne7 11. Bc3 Rg8 12. h4 h5 13. Ng5 hxg4 14. Qxg4 Nf6 15. Qe2 Bh5 16. Bf3 Bxf3 17. Qxf3 Ng6 18. O-O-O Be5 19. Bxe5 Nxe5 20. Qg3 Qb8 21.
h5 Neg4 22. f4 Nh6 23. Nd4 Qc7 24. e5 Nd7 25. Ngxe6 Qb6 26. f5 c5 27. Nb5 fxe6 28. Nd6+ Kd8 29. fxe6 Nf8 30. Qg5+ Kc7 31. Rhf1 Kc6 32.
e7 Ne6 33. Qg6 Kd7 34. Rf3 Rae8 35. Nxe8 Rxe8 36. Rdf1 Rxe7 37. c3 d4 38. c4 Qa5 39.
Qe4 Kc7 40. a3 Ng5 41. Qd5 Qb6 42. Rf8 Ne6 43. Ra8 Qc6 44. Kb1 a6 45. Ka2 Kb6 46.
Rg1 Nc7 47. Qxc6+ Kxc6 48. Rd8 Ne6 49. Rg6 Kc7 50. Rd5 Nf5 51. b4 Ne3 52. Rd6 Nf4 53. Rg5 Nxd3 54. bxc5 Nxe5 55. Rxd4 N3xc4 56. Re4 Kc6 57.
Re2 Kd5 58. Reg2 Kxc5 59. Rxg7 Re6 60. Rxb7 Rh6 61. Rh2 Ne3 62. Rc7+ Kd4 63. Rc1 Nd3 64. Rh4+ Kd5 65. Rc3 Ne5 66. Rxe3 Rb6 67. Re1 Nc4 68.
Rd1+ Kc5 69. Rc1 Rb2+ 70. Ka1 Rg2 71. Rhxc4+ Kb5 72. Rc5+ Kb6 73. R5c4 Kb5 74. Rb4+ Ka5 75. Rc5# 1-0

[Event "*** Titled Tuesday Blitz"]
[Site "Chess.com"]
[Date "2021.04.06"]
[Round "6"]
[White "KacperPolOK"]
[Black "dmjjmd"]
[Result "1/2-1/2"]
[WhiteElo "2406"]
[BlackElo "2252"]
[TimeControl "180+1"]
[EndTime "11:10:00 PDT"]
[Termination "Game drawn by stalemate"]

1. e4 e5 2. Nf3 Nc6 3. Bc4 Bc5 4.
O-O Nf6 5. d4 Bxd4 6. Nxd4 Nxd4 7. Bg5 Ne6 8. Bxe6 dxe6 9. Qxd8+ Kxd8 10. f4 exf4 11. e5 h6 12. Bxf6+ gxf6 13. Rxf4 f5 14.
Kf2 Ke7 15. Nd2 Bd7 16. Rg1 Rhg8 17. h3 Rg6 18. g3 Bc6 19. b3 Rd8 20. Ke3 Rdg8 21.
Kf2 Rd8 22. Ke3 Rd5 23. Nc4 b5 24. Na5 Rxe5+ 25. Kd4 Re4+ 26. Rxe4 Bxe4 27. Kc5 f4 28. g4 h5 29. Kxb5 hxg4 30. hxg4 f5 31. g5 f3 32.
Nc4 f2 33. Rf1 Rxg5 34. Rxf2 Bb7 35. a4 f4+ 36. Kb4 f3 37. Ne3 Re5 38. Ng4 Re2 39. Kc3 Re4 40. Nh2 Rf4 41. Kd3 e5 42. Ke3 Rh4 43.
Nxf3 Rh3 44. Ke2 e4 45. Nd4 Bc8 46. Rg2 Kf6 47. b4 a6 48. a5 Bd7 49. c4 Ke5 50. Nc2 Be6 51. Ne3 Kd4 52. Ng4 Bxc4+ 53. Kd2 Bb5 54. Nf2 e3+ 55. Kc2 exf2 56. Rxf2 Rc3+ 57.
Kb2 Re3 58. Rf4+ Re4 59. Rf7 c6 60. Rf5 Kc4 61. Ka3 Re3+ 62. Kb2 Kxb4 63. Rf4+ Kxa5 64. Rd4 c5 65. Rd2 c4 66. Rh2 Kb4 67. Ka2 a5 68. Rh1 a4 69. Ka1 Rb3 70. Rc1 c3 71. Rc2 Bc4 72. Rc1 a3 73. Rc2 Rb2 74. Rc1 Kb3 75. Rxc3+ Kb4 76. Rxc4+ Kxc4 1/2-1/2

[Event "*** Titled Tuesday Blitz"]
[Site "Chess.com"]
[Date "2021.04.06"]
[Round "6"]
[White "GM_Crest"]
[Black "BrandonJacobson"]
[Result "1-0"]
[WhiteElo "2713"]
[BlackElo "2866"]
[TimeControl "180+1"]
[EndTime "11:10:05 PDT"]
[Termination "GM_Crest won on time"]

1. d4 Nf6 2. c4 e5 3. dxe5 Ng4 4. e3 Nxe5 5. Nh3 d5 6. Qxd5 Qf6 7. Nf4 c6 8. Qd4 Na6 9. Be2 Bc5 10. Qd1 Bf5 11.
Nc3 Nb4 12. e4 Rd8 13. Qb3 Bg4 14. O-O O-O 15. Be3 Bxe3 16. fxe3 Qe7 17. Bf3 Nbd3 18. Kh1 Nc5 19. Qb4 b6 20. b3 Qh4 21. Nce2 Rd6 22.
Qe1 Qe7 23. Qg3 Bc8 24. Nd4 Rfd8 25. Nf5 Bxf5 26. exf5 f6 27. b4 Ncd3 28. Ne6 Re8 29. c5 bxc5 30. bxc5 Rd7 31. Rad1 Nxc5 32. Rxd7 Ncxd7 33. h3 Kh8 34. Rd1 c5 35. Qf4 c4 36. Qd4 Nb6 37. Rc1 Rc8 38. Be4 Qd7 39. Kh2 Qe7 40. Rc2 Nf7 41. Qb2 Qd6+ 42. Kg1 Ne5 43. Qd4 Qe7 44. Kh1 h6 45. Kg1 Kh7 46. Kh1 Qa3 47. Kg1 c3 48. Bd5 Qa4 49. Qxa4 Nxa4 50. Bb3 Nb6 51. Kf1 Nd3 52. Ke2 Nb4 53. Rc1 a5 54. a3 N4d5 55. Nd4 Ne7 56. Kd3 a4 57. Be6 Rd8 58. Rxc3 Nbd5 59. Rc5 Nb6 60. g4 Ned5 61. Rb5 Rd6 62. Bxd5 Nxd5 63. Ra5 Nb6 64. Ra6 Kg8 65. Ke4 Kf7 66. Nb5 Rc6 67. Nd4 Rd6 68. h4 Nc4 69.
Rxd6 Nxd6+ 70. Kd5 Nc8 71. Kc5 Ke7 72. e4 Nd6 73. Nc6+ Kd7 74. e5 Ne4+ 75. Kd5 Nc3+ 76. Kc4 Kxc6 77. exf6 Ne4 78. fxg7 Nf6 79. g5 hxg5 80. hxg5 Ng8 81. f6 1-0

[Event "*** Titled Tuesday Blitz"]
[Site "Chess.com"]
[Date "2021.04.06"]
[Round "6"]
[White "prachiti01"]
[Black "Oglob71"]
[Result "0-1"]
[WhiteElo "2159"]
[BlackElo "2384"]
[TimeControl "180+1"]
[EndTime "11:10:08 PDT"]
[Termination "Oglob71 won by checkmate"]

1. e4 c5 2. c3 Nf6 3. e5 Nd5 4. Nf3 e6 5. Bc4 Nb6 6. Bb3 c4 7. Bc2 Nc6 8. O-O Qc7 9. Re1 d6 10. exd6 Bxd6 11. b3 O-O 12. Na3 cxb3 13. axb3 Nd5 14.
Nb5 Qd8 15. Nxd6 Qxd6 16. Ba3 Qc7 17. Bxf8 Kxf8 18. Qe2 h6 19. g3 b6 20. Be4 Nf6 21.
Bd3 Bb7 22. Ba6 Rd8 23. Bxb7 Qxb7 24. d4 Na5 25. Rab1 Qc7 26. Rec1 Nd5 27. c4 Nf6 28. c5 Nd5 29. b4 Nc6 30. Qb5 Nce7 31. cxb6 Qxb6 32.
Qxb6 axb6 33. b5 Nf5 34. Kg2 g5 35. h3 Nde7 36. Rd1 Rd5 37. g4 Nd6 38. Rdc1 Nxb5 39. Rb4 Kg7 40. Rcb1 Nc3 41. R1b3 Ne2 42. Rxb6 Nxd4 43.
Nxd4 Rxd4 44. R3b4 Rd3 45. Rb3 Rd1 46. Rb1 Rd2 47.
R6b2 Rd3 48. Rb3 Rd4 49. Rb4 Rd5 50. Rb7 Ng6 51. R1b3 Nf4+ 52. Kg3 Rd1 53. Ra7 Rg1+ 54. Kf3 Rh1 55. Rbb7 Rxh3+ 56. Ke4 Nd5 57. Rxf7+ Kg8 58. Rfb7 Nf6+ 59. Ke5 Nxg4+ 60. Kxe6 Rf3 61. Rg7+ Kf8 62. Rgf7+ Rxf7 63. Rxf7+ Kg8 64. Rf5 Kg7 65. Ke7 Kg6 66. Rf7 h5 67. Rf8 h4 68. Ke6 h3 69. Rf3 h2 70. Rh3 Nxf2 71. Rxh2 Nd3 72. Rg2 Nf4+ 73. Ke5 Nxg2 74. Ke4 Nh4 75. Ke3 Kf5 76. Kf2 Kg4 77.
Kg1 Nf5 78. Kg2 Nd4 79. Kg1 Kf3 80. Kf1 g4 81. Kg1 g3 82. Kf1 g2+ 83. Kg1 Ne2+ 84. Kh2 g1=Q+ 85. Kh3 Qg3# 0-1

[Event "*** Titled Tuesday Blitz"]
[Site "Chess.com"]
[Date "2021.04.06"]
[Round "6"]
[White "Angry_Twin"]
[Black "FairChess_on_YouTube"]
[Result "1/2-1/2"]
[WhiteElo "2889"]
[BlackElo "3011"]
[TimeControl "180+1"]
[EndTime "11:10:09 PDT"]
[Termination "Game drawn by repetition"]

1. e4 c5 2. Nf3 d6 3. Bb5+ Nd7 4. O-O a6 5. Bd3 Ngf6 6. Re1 g6 7. c3 Bg7 8. Bc2 O-O 9. d4 e5 10. a4 b6 11. dxe5 Nxe5 12. Nxe5 dxe5 13. Qf3 Bg4 14. Qg3 Qc7 15. Bg5 Be6 16. Nd2 Rfd8 17. Nf1 Rd7 18. Ne3 Nh5 19. Qf3 h6 20. Bh4 Nf4 21. c4 Rd4 22. b3 Qd7 23. Bg3 Rd8 24. Nd5 b5 25. axb5 axb5 26. Bxf4 exf4 27. Rab1 Rd2 28. Bd1 Bd4 29. Rf1 g5 30. Qh5 Kg7 31. h3 Rb8 32. Bg4 bxc4 33. bxc4 Bxf2+ 34. Kh1 Bxg4 35. hxg4 Rbb2 36.
Rxb2 Rxb2 37. Nxf4 Qd2 38. Nh3 Qe3 39. Nxf2 Rxf2 40.
Rxf2 Qxf2 41. Qh2 Qf1+ 42. Qg1 Qxc4 43. Qa1+ Qd4 44. Qe1 c4 45. e5 c3 46. e6 fxe6 47. Qxe6 Qf6 48. Qd7+ Qf7 49. Qd4+ Qf6 50. Qd7+ Kf8 51.
Qc8+ Ke7 52. Qc7+ Ke6 53. Qc6+ Kf7 54. Qd7+ Kg8 55. Qc8+ Kh7 56. Qd7+ Qg7 57. Qd3+ Kg8 58. Qd8+ Kf7 59. Qd7+ Kf8 60. Qd8+ Kf7 61. Qd7+ Kg8 62. Qc8+ Kh7 63. Qf5+ Qg6 64. Qd7+ Kg8 65. Qc8+ Kf7 66. Qxc3 Qe6 67. Qf3+ Qf6 68. Qd5+ Qe6 69. Qf3+ Ke7 70. Kh2 Qe5+ 71. Kh3 Ke6 72. Qc6+ Qd6 73. Qc4+ Qd5 74.
Qe2+ Qe5 75. Qc4+ Kf6 76. Qc6+ Qe6 77. Qf3+ Kg7 78. Qc3+ Kf7 79. Qc7+ Kg6 80. Qc2+ Kg7 81. Qc3+ Kg6 82. Qc2+ Kg7 83. Qc3+ 1/2-1/2

[Event "*** Titled Tuesday Blitz"]
[Site "Chess.com"]
[Date "2021.04.06"]
[Round "6"]
[White "Twitch_ElhamBlitz05"]
[Black "szabadaba"]
[Result "0-1"]
[WhiteElo "2832"]
[BlackElo "2688"]
[TimeControl "180+1"]
[EndTime "11:10:10 PDT"]
[Termination "szabadaba won on time"]

1. e4 c6 2. d4 d5 3. Nc3 dxe4 4. Nxe4 Nd7 5. Nf3 Ngf6 6. Nxf6+ Nxf6 7. Bd3 Bg4 8. Be3 e6 9. h3 Bh5 10. O-O Bd6 11. Re1 O-O 12. Be2 Qc7 13. Bg5 Rad8 14. c3 c5 15. Qc2 Rfe8 16. Rad1 a6 17. Nh4 Bg6 18. Nxg6 hxg6 19. dxc5 Bxc5 20. Bf3 b5 21. a4 Qb6 22. a5 Qc7 23. Qe2 Ba7 24. Ra1 Rd7 25.
Be3 Bxe3 26. Qxe3 Nd5 27. Qe5 Qxe5 28. Rxe5 Red8 29. Re4 Kf8 30. Rd4 Nf6 31. Rxd7 Rxd7 32. Kf1 Ke7 33. Ke1 Nd5 34. Rd1 Kd6 35. Kd2 Kc5 36. Kc2 b4 37. Rd4 bxc3 38. bxc3 Rc7 39. Be2 Kd6 40. Kd2 Ke5 41. Bxa6 Nxc3 42. Rc4 Ne4+ 43.
Ke3 Nc5 44. Bb5 Kd6 45. Rc1 Ra7 46. Ra1 Nb3 47. Rd1+ Kc5 48. Be2 Rxa5 49. Rd7 Ra3 50. Rxf7 Nd4+ 51. Ke4 Nxe2 52. Rxg7 Kd6 53. Rxg6 Nc3+ 54.
Kf4 Nd5+ 55. Kg4 Ke5 56. Rg8 Ra4+ 57. Kg3 Ra3+ 58. Kh2 Ra2 59. Rf8 Nf4 60. Kg3 Ra3+ 61.
Kh2 Ra2 62. Kg3 Ng6 63. Rb8 Kf5 64. Rb5+ e5 65. Rb8 Ra3+ 66. Kh2 Kg5 67. Rg8 Ra2 68. Kg3 Kf5 69. f3 Nf4 70. Kh2 Ne6 71. Rg4 Nf4 72. Rg8 Ra1 73. Rg4 Nd3 74. Rg8 Kf4 75. Rf8+ Ke3 76. h4 Kf2 77. h5 Nf4 78. h6 Ra6 79.
Rh8 Rg6 0-1

[Event "*** Titled Tuesday Blitz"]
[Site "Chess.com"]
[Date "2021.04.06"]
[Round "6"]
[White "volkanyirik"]
[Black "chescomhuynya"]
[Result "1/2-1/2"]
[WhiteElo "2433"]
[BlackElo "2570"]
[TimeControl "180+1"]
[EndTime "11:10:11 PDT"]
[Termination "Game drawn - insufficient material"]

1. e4 d5 2. Nc3 dxe4 3. f3 exf3 4. Nxf3 Nf6 5. d4 g6 6. Bc4 Bg7 7. h3 O-O 8. Be3 Nbd7 9. Qd2 Nb6 10. Bb3 Nfd5 11.
Bh6 Nxc3 12. bxc3 a5 13. a4 c5 14. dxc5 Qxd2+ 15. Bxd2 Nd7 16. c6 bxc6 17. O-O Nc5 18. Rae1 e6 19. Ne5 Ba6 20. Rf2 Nxb3 21. cxb3 Rab8 22.
Nd7 Rxb3 23. Nxf8 Bxf8 24. Rd1 Bc5 25. Bh6 Rb8 26. g3 Bc4 27. Kg2 Bd5+ 28. Kf1 Bxf2 29.
Kxf2 c5 30. c4 Bxc4 31. Rc1 Rb4 32. Be3 Rxa4 33. Bxc5 Ra2+ 34. Ke3 Bd5 35. Bd4 Kf8 36. Bf6 Ke8 37. Rc7 a4 38. Re7+ Kd8 39. Rxf7+ Kc8 40. Rxh7 a3 41. Ra7 Rg2 42. Kf4 a2 43. g4 Rg1 44. Kg5 Be4 45. Ra4 Bb1 46. Ra6 Kd7 47.
Ra7+ Kd6 48. Ra6+ Kd5 49. Ra5+ Kc4 50. Ra6 Rf1 51. Bh8 Re1 52. h4 e5 53. Ra5 Kb4 54. Ra7 Kb3 55. Rb7+ Kc2 56. Rc7+ Kd3 57.
Rd7+ Ke4 58. Ra7 Kf3 59. h5 gxh5 60. gxh5 Rg1+ 61. Kh6 e4 62. Rf7+ Ke2 63. Re7 e3 64. Bd4 Rg3 65. Re8 Kd2 66. Rd8 Bd3 67. Bh8 e2 68.
Rc8 e1=Q 69. Bc3+ Ke2 70. Re8+ Be4 71. Rxe4+ Kd3 72. Rxe1 Kxc3 73. Kh7 Kb2 74. Re2+ Kb3 75. Rxa2 Kxa2 76. h6 Kb3 77. Kh8 Kc4 78. h7 Rf3 79. Kg7 Rg3+ 80. Kh8 Rh3 81. Kg7 Kd5 82. h8=Q Rxh8 83.
Kxh8 1/2-1/2

[Event "*** Titled Tuesday Blitz"]
[Site "Chess.com"]
[Date "2021.04.06"]
[Round "6"]
[White "Yurovskykh_Oleksandr"]
[Black "ShapkinAnatoliy"]
[Result "1-0"]
[WhiteElo "2535"]
[BlackElo "2654"]
[TimeControl "180+1"]
[EndTime "11:10:12 PDT"]
[Termination "Yurovskykh_Oleksandr won by resignation"]

1. d4 Nf6 2. Nf3 g6 3. Bg5 Bg7 4. Nbd2 d5 5. e3 O-O 6. Be2 Nbd7 7. b4 a5 8. b5 c5 9. bxc6 bxc6 10. O-O c5 11. c3 Ba6 12. Rb1 Qc8 13. h3 Qc6 14. Bf4 Rfc8 15. Ne5 Nxe5 16. Bxe5 Ne8 17. Bxg7 Kxg7 18.
Nf3 cxd4 19. cxd4 Qc2 20. Bxa6 Rxa6 21. Rc1 Qxd1 22. Rfxd1 Rac6 23. Rxc6 Rxc6 24. Rb1 Nd6 25. Rb2 Rc1+ 26. Kh2 a4 27. Ne5 Nc4 28. Nxc4 Rxc4 29.
Rb5 e6 30. Ra5 Rc2 31. Rxa4 Rxf2 32. Kg3 Rb2 33. Kf3 h5 34. h4 Kf6 35. Ra7 Rc2 36.
g3 Rb2 37. a4 Ra2 38. a5 Rb2 39. a6 Ra2 40. g4 hxg4+ 41. Kxg4 Rg2+ 42. Kf3 Ra2 43. Kg3 Kg7 44. Kg4 Kf6 45. Kf4 Rf2+ 46. Kg3 Ra2 47. Kf3 Kg7 48. Ra8 Kf6 49. a7 Kf5 50. Kg3 f6 51. Kf3 Ra3 52. Kf2 Ke4 53. Re8 Ra2+ 54. Kg3 Rxa7 55. Rxe6+ Kf5 56. Re8 Ra6 57.
Kf3 Re6 58. Rd8 g5 59. Rxd5+ Kg6 60. hxg5 fxg5 61. e4 Rf6+ 62. Ke3 Rf1 63. e5 g4 64.
Rd8 Kg7 65. Ke2 Rf4 66. Ke3 Rf1 67. Ra8 g3 68. Ra2 Kf7 69. Rg2 Ke6 70. Rxg3 Kd5 71.
Rg4 Re1+ 72. Kf3 Rf1+ 73. Kg3 Rf8 74. Rf4 Rh8 75. Kg4 Rg8+ 76. Kh5 Rg1 77. Kh4 Rg8 78. Rg4 Rf8 79. Kg5 Rf1 80. Kg6 Rf8 81. Kg7 Rf1 82. Rg6 Kxd4 83. e6 Kd5 84. e7 Re1 85. Kf7 Rf1+ 86. Rf6 1-0

[Event "*** Titled Tuesday Blitz"]
[Site "Chess.com"]
[Date "2021.04.06"]
[Round "6"]
[White "ChronicUnhappiness"]
[Black "Ural_bogatyr"]
[Result "1/2-1/2"]
[WhiteElo "2322"]
[BlackElo "2458"]
[TimeControl "180+1"]
[EndTime "11:10:16 PDT"]
[Termination "Game drawn - insufficient material"]

1. c4 Nf6 2. Nf3 e6 3. d4 d5 4. Nc3 dxc4 5. e3 a6 6. Bxc4 b5 7. Bd3 Bb7 8. O-O c5 9. dxc5 Bxc5 10. Qc2 Nbd7 11. Ne4 Nxe4 12. Bxe4 Qb6 13. Bxb7 Qxb7 14. Rd1 O-O-O 15. Rxd7 Rxd7 16. Qxc5+ Kb8 17. Bd2 Rc8 18.
Qe5+ Ka8 19. Bc3 Rcd8 20. h3 Rd5 21. Qxg7 R5d7 22. Bf6 Rc8 23. Qxh7 Qd5 24. Qh4 Rdc7 25. Qf4 Rc4 26. Qe5 Qc6 27. Nd4 Qb7 28. Qf4 Ka7 29.
b3 R4c5 30. a4 b4 31. a5 Rg8 32. Qf3 Qc7 33. g3 Rc8 34. Kg2 Rd5 35. h4 e5 36.
Nf5 Rc5 37. Qe4 Qd7 38. Ne7 R8c7 39. h5 Qe6 40. Qf3 e4 41. Qf4 Rxe7 42. Bxe7 Qxe7 43. Rd1 Rxh5 44. Rd4 Rc5 45. Qxe4 Qxe4+ 46. Rxe4 Rxa5 47. Rxb4 Rc5 48. Rf4 Rc3 49. Rxf7+ Kb6 50. g4 Rxb3 51. g5 Rc3 52. g6 Rc6 53. g7 Rg6+ 54. Kf3 a5 55. Ke4 Kb5 56. Kf5 Rg2 57. Ke6 a4 58. Ke7 a3 59. Kf8 a2 60. Ra7 Rxf2+ 61. Ke8 Rg2 62. e4 Rxg7 63. Rxa2 Kc5 64. Rd2 Rg4 65. e5 Re4 66. e6 Rxe6+ 67. Kd7 Re1 68. Rc2+ Kb5 69.
Rb2+ Kc5 70. Rd2 Kb4 71. Rd6 Kc5 72. Rc6+ Kb5 73. Rd6 Rh1 74. Re6 Kc5 75. Rc6+ Kd5 76. Rd6+ Kc5 77. Rc6+ Kb5 78. Rd6 Rh7+ 79. Ke6 Kc5 80.
Rd5+ Kc4 81. Rd7 Rxd7 82. Kxd7 1/2-1/2

[Event "*** Titled Tuesday Blitz"]
[Site "Chess.com"]
[Date "2021.04.06"]
[Round "6"]
[White "Harry_Rakkel"]
[Black "MalyDominator"]
[Result "0-1"]
[WhiteElo "2585"]
[BlackElo "2500"]
[TimeControl "180+1"]
[EndTime "11:10:17 PDT"]
[Termination "MalyDominator won by checkmate"]

1. c4 e6 2. Nc3 d5 3. d4 Nf6 4. cxd5 exd5 5. Bg5 c6 6. e3 Bd6 7. Bd3 Nbd7 8. Qc2 h6 9. Bh4 O-O 10. Nge2 Re8 11. h3 Nf8 12. O-O-O b5 13. Kb1 a5 14. g4 b4 15. Na4 Ba6 16. Bxa6 Rxa6 17. g5 Ne4 18. f4 hxg5 19. fxg5 Ng6 20. Be1 Qxg5 21. Qd3 Raa8 22. Rc1 Rac8 23. h4 Qf5 24. Ka1 Ng3 25.
Qxf5 Nxf5 26. h5 Nf8 27. Nb6 Rc7 28. Rh3 Rxe3 29. Rxe3 Nxe3 30. Bg3 Bxg3 31. Nxg3 Re7 32. b3 Re6 33. Rc5 f5 34. Ne2 Ng2 35. Nc1 f4 36. Rc2 Nh4 37. Rh2 Nf5 38. Rf2 Re4 39. Nd3 Ne6 40. Nd7 Nfxd4 41. N3e5 Re3 42. Kb2 f3 43. Kc1 Re2 44. Rxe2 fxe2 45. Kd2 Nf4 46. Nc5 Nxh5 47. Ncd3 Ng3 48. Ke3 Nc2+ 49. Kf2 Ne4+ 50. Kxe2 Nc3+ 51. Kd2 Nd4 52. Ke3 Ndb5 53. Nxc6 Nxa2 54. Nxa5 d4+ 55. Ke4 Nac3+ 56. Ke5 Kf7 57. Nc6 Na2 58. Nxd4 Nxd4 59.
Kxd4 Ke6 60. Kc4 g5 61. Nf2 Kf5 62. Kd3 g4 63. Nh1 Kf4 64. Ke2 Nc1+ 65. Kf2 Nxb3 66. Ng3 Nc5 67. Ne2+ Ke4 68. Ng3+ Kf4 69. Ne2+ Kg5 70.
Nd4 b3 71. Ne6+ Kf5 72. Nxc5 b2 73. Nd3 b1=Q 74. Ne1 Qb2+ 75. Kg3 Qa3+ 76. Kf2 g3+ 77. Kg2 Kg4 78. Nc2 Qa2 79. Kf1 Qxc2 80. Ke1 Qc1+ 81. Ke2 Qc2+ 82. Ke1 Qf2+ 83. Kd1 g2 84. Kc1 g1=Q# 0-1